HSSL
EVANS HS KNIGHTS @ JEFFERSONVILLE-YOUNGSVILLE CENTRAL HS TROJANS
04/24/2029
 
TOP OF THE 1ST
Evans HS Knights batting - Pitching for Jeffersonville-Youngsville Central HS Trojans : RHP Colton Sewell
Pitching: RHP Colton Sewell
Batting: RHB Ira Martin 0-0: Ball
1-0: Ball
2-0: Bunted foul
2-1: Ball
3-1: Base on Balls
Batting: RHB Dominic Veillette 0-0: Called Strike
0-1: Fielders Choice at 2nd, 6-4 (Groundball, 6)
Batting: SHB Lucas Bentley 0-0: Swinging Strike
0-1: Ball
1-1: Swinging Strike
1-2: Ball
2-2: Foul Ball, location: 2F
2-2: Strikes out looking
Batting: RHB James Bennett 0-0: Called Strike
0-1: Foul Ball, location: 2F
0-2: Ball
1-2: Fly out, F4 (Popup, 4MD)
Top of the 1st over - 0 runs, 0 hits, 0 errors, 1 left on base; Evans HS 0 - Jeffersonville-Youngsville Central HS 0
BOTTOM OF THE 1ST
Jeffersonville-Youngsville Central HS Trojans batting - Pitching for Evans HS Knights : RHP Arnold Padilla
Pitching: RHP Arnold Padilla
Batting: RHB José Rocha 0-0: Ground out U3 (Groundball, 3)
Batting: LHB Tomás Mata 0-0: Called Strike
0-1: Called Strike
0-2: Ball
1-2: Ball
2-2: Foul Ball, location: 2F
2-2: Ball
3-2: Foul Ball, location: 2F
3-2: Base on Balls
Batting: LHB Tony Chávez 0-0: Called Strike
0-1: Ball
Wild Pitch!
Tomás Mata to second
1-1: Ground out 1-3 (Groundball, 13)
Tomás Mata to third
Batting: LHB Steve Parker 0-0: Called Strike
0-1: 2-RUN HOME RUN (Line Drive, 9D), Distance : 388 ft
Batting: RHB Vicente Ortíz 0-0: Ball
1-0: Fly out, F8 (Flyball, 8LD)
Bottom of the 1st over - 2 runs, 1 hit, 0 errors, 0 left on base; Evans HS 0 - Jeffersonville-Youngsville Central HS 2
TOP OF THE 2ND
Evans HS Knights batting - Pitching for Jeffersonville-Youngsville Central HS Trojans : RHP Colton Sewell
Batting: RHB Deron Rolen 0-0: Ball
1-0: Called Strike
1-1: SINGLE (Groundball, 4MD)
Batting: RHB Tom Proctor 0-0: Fly out, F8 (Line Drive, 8RD)
Batting: RHB Scott Wells 0-0: Ball
1-0: Ball
2-0: Ball
3-0: Base on Balls
Deron Rolen to second
Batting: RHB Gerald Hayes 0-0: Ball
1-0: SINGLE (Groundball, 34D)
Deron Rolen to third
Scott Wells to second
Batting: SHB Powell Phillips 0-0: Ground out 3-1 (Groundball, 34S)
Deron Rolen scores
Scott Wells to third
Gerald Hayes to second
Batting: RHB Ira Martin 0-0: Called Strike
0-1: Swinging Strike
0-2: Ball
1-2: Strikes out looking
Top of the 2nd over - 1 run, 2 hits, 0 errors, 2 left on base; Evans HS 1 - Jeffersonville-Youngsville Central HS 2
BOTTOM OF THE 2ND
Jeffersonville-Youngsville Central HS Trojans batting - Pitching for Evans HS Knights : RHP Arnold Padilla
Batting: LHB Ed Williams 0-0: Ball
1-0: Called Strike
1-1: Fly out, F9 (Flyball, 9)
Batting: RHB Ben Bradley 0-0: Called Strike
0-1: Ball
1-1: Fly out, F7 (Flyball, 7LS)
Batting: RHB Robbie Harris 0-0: Foul Ball, location: 2F
0-1: Foul Ball, location: 2F
0-2: Ground out 6-3 (Groundball, 6)
Bottom of the 2nd over - 0 runs, 0 hits, 0 errors, 0 left on base; Evans HS 1 - Jeffersonville-Youngsville Central HS 2
TOP OF THE 3RD
Evans HS Knights batting - Pitching for Jeffersonville-Youngsville Central HS Trojans : RHP Colton Sewell
Batting: RHB Dominic Veillette 0-0: Called Strike
0-1: Ball
1-1: Foul Ball, location: 2F
1-2: Ball
2-2: Ball
3-2: Base on Balls
Batting: SHB Lucas Bentley 0-0: Swinging Strike
0-1: Fielders Choice at 2nd, 4-6 (Groundball, 4)
Batting: RHB James Bennett 0-0: Ball
1-0: Swinging Strike
1-1: Foul Ball, location: 2F
1-2: Foul Ball, location: 2F
1-2: Foul Ball, location: 2F
1-2: SINGLE (Flyball, 78M)
Lucas Bentley to second
Batting: RHB Deron Rolen 0-0: Ball
1-0: Ball
2-0: Called Strike
2-1: Swinging Strike
2-2: Strikes out swinging
Batting: RHB Tom Proctor 0-0: Called Strike
0-1: Ball
1-1: Ball
2-1: Ball
3-1: Base on Balls
Lucas Bentley to third
James Bennett to second
Batting: RHB Scott Wells 0-0: Called Strike
0-1: Called Strike
0-2: Ball
1-2: Foul Ball, location: 2F
1-2: SINGLE (Groundball, 6) (infield hit)
Lucas Bentley scores
James Bennett to third
Tom Proctor to second
Batting: RHB Gerald Hayes 0-0: Ball
1-0: Foul Ball, location: 2F
1-1: Swinging Strike
1-2: Strikes out swinging
Top of the 3rd over - 1 run, 2 hits, 0 errors, 3 left on base; Evans HS 2 - Jeffersonville-Youngsville Central HS 2
BOTTOM OF THE 3RD
Jeffersonville-Youngsville Central HS Trojans batting - Pitching for Evans HS Knights : RHP Arnold Padilla
Batting: RHB Duane Bradley 0-0: Foul Ball, location: 2F
0-1: Swinging Strike
0-2: Ball
1-2: Strikes out swinging
Batting: RHB José Rocha 0-0: Called Strike
0-1: Swinging Strike
0-2: Foul Ball, location: 2F
0-2: Foul Ball, location: 2F
0-2: Strikes out swinging
Batting: LHB Tomás Mata 0-0: Called Strike
0-1: Ball
1-1: Called Strike
1-2: Foul Ball, location: 2F
1-2: Strikes out swinging
Bottom of the 3rd over - 0 runs, 0 hits, 0 errors, 0 left on base; Evans HS 2 - Jeffersonville-Youngsville Central HS 2
TOP OF THE 4TH
Evans HS Knights batting - Pitching for Jeffersonville-Youngsville Central HS Trojans : RHP Colton Sewell
Batting: SHB Powell Phillips 0-0: Foul Ball, location: 2F
0-1: Ball
1-1: Ball
2-1: Ball
3-1: Fly out, F9 (Flyball, 9LMF)
Batting: RHB Ira Martin 0-0: Bunted foul
0-1: Ball
1-1: Ball
2-1: Ball
3-1: Called Strike
3-2: Foul Ball, location: 2F
3-2: Foul Ball, location: 2F
3-2: Fly out, F9 (Flyball, 9)
Batting: RHB Dominic Veillette 0-0: Called Strike
0-1: Ball
1-1: Swinging Strike
1-2: Ball
2-2: Strikes out looking
Top of the 4th over - 0 runs, 0 hits, 0 errors, 0 left on base; Evans HS 2 - Jeffersonville-Youngsville Central HS 2
BOTTOM OF THE 4TH
Jeffersonville-Youngsville Central HS Trojans batting - Pitching for Evans HS Knights : RHP Arnold Padilla
Batting: LHB Tony Chávez 0-0: Ball
1-0: Ball
2-0: Called Strike
2-1: Ball
3-1: Ground out 4-3 (Groundball, 4)
Batting: LHB Steve Parker 0-0: Foul Ball, location: 2F
0-1: Ball
1-1: Foul Ball, location: 2F
1-2: Ball
2-2: Foul Ball, location: 2F
2-2: Foul Ball, location: 2F
2-2: Ground out 4-3 (Groundball, 4)
Batting: RHB Vicente Ortíz 0-0: Fly out, F5 (Flyball, 56D)
Bottom of the 4th over - 0 runs, 0 hits, 0 errors, 0 left on base; Evans HS 2 - Jeffersonville-Youngsville Central HS 2
TOP OF THE 5TH
Evans HS Knights batting - Pitching for Jeffersonville-Youngsville Central HS Trojans : RHP Colton Sewell
Pitching: RHP Phil Rivera
Batting: SHB Lucas Bentley 0-0: Ball
1-0: Ball
2-0: Ball
3-0: Called Strike
3-1: Base on Balls
Batting: RHB James Bennett 0-0: Ball
1-0: 2-RUN HOME RUN (Flyball, 89XD), Distance : 425 ft
Batting: RHB Deron Rolen 0-0: DOUBLE (Groundball, 5L)
Batting: RHB Tom Proctor 0-0: Called Strike
0-1: Fly out, F7 (Line Drive, 7)
Batting: RHB Scott Wells 0-0: Called Strike
0-1: Foul Ball, location: 2F
0-2: Foul Ball, location: 2F
0-2: Ball
1-2: Ball
2-2: Strikes out swinging
Batting: RHB Gerald Hayes 0-0: Ball
1-0: Ball
2-0: Ball
3-0: Called Strike
3-1: Foul Ball, location: 2F
3-2: Foul Ball, location: 2F
3-2: Base on Balls
Batting: SHB Powell Phillips 0-0: Called Strike
0-1: Called Strike
0-2: Ball
1-2: Ground out 1-3 (Groundball, 13)
Top of the 5th over - 2 runs, 2 hits, 0 errors, 2 left on base; Evans HS 4 - Jeffersonville-Youngsville Central HS 2
BOTTOM OF THE 5TH
Jeffersonville-Youngsville Central HS Trojans batting - Pitching for Evans HS Knights : RHP Arnold Padilla
Batting: LHB Ed Williams 0-0: Called Strike
0-1: Ball
1-1: Ball
2-1: Called Strike
2-2: Foul Ball, location: 2F
2-2: Ball
3-2: Strikes out looking
Batting: RHB Ben Bradley 0-0: SINGLE (Line Drive, 9LS)
Batting: RHB Robbie Harris 0-0: Foul Ball, location: 2F
0-1: Grounds into double play, 6-4-3 (Groundball, 6)
Bottom of the 5th over - 0 runs, 1 hit, 0 errors, 0 left on base; Evans HS 4 - Jeffersonville-Youngsville Central HS 2
TOP OF THE 6TH
Evans HS Knights batting - Pitching for Jeffersonville-Youngsville Central HS Trojans : RHP Phil Rivera
Pitching: RHP Marvin Weaver
Batting: RHB Ira Martin 0-0: Ball
1-0: Foul Ball, location: 2F
1-1: Ground out 4-3 (Groundball, 4)
Batting: RHB Dominic Veillette 0-0: Called Strike
0-1: Fly out, F5 (Line Drive, 56)
Batting: SHB Lucas Bentley 0-0: Foul Ball, location: 2F
0-1: Fly out, F8 (Flyball, 8LM)
Top of the 6th over - 0 runs, 0 hits, 0 errors, 0 left on base; Evans HS 4 - Jeffersonville-Youngsville Central HS 2
BOTTOM OF THE 6TH
Jeffersonville-Youngsville Central HS Trojans batting - Pitching for Evans HS Knights : RHP Arnold Padilla
Batting: RHB Duane Bradley 0-0: Ball
1-0: Foul Ball, location: 2F
1-1: Called Strike
1-2: Strikes out looking
Batting: RHB José Rocha 0-0: Foul Ball, location: 2F
0-1: Called Strike
0-2: Ball
1-2: Foul Ball, location: 2F
1-2: Ball
2-2: SINGLE (Groundball, 56D)
Batting: LHB Tomás Mata 0-0: Ball
1-0: Fielders Choice at 2nd, 6-4 (Groundball, 6)
Batting: LHB Tony Chávez 0-0: Ball
1-0: Called Strike
1-1: Ball
2-1: Foul Ball, location: 2F
2-2: Strikes out looking
Bottom of the 6th over - 0 runs, 1 hit, 0 errors, 1 left on base; Evans HS 4 - Jeffersonville-Youngsville Central HS 2
TOP OF THE 7TH
Evans HS Knights batting - Pitching for Jeffersonville-Youngsville Central HS Trojans : RHP Marvin Weaver
Batting: RHB James Bennett 0-0: Foul Ball, location: 2F
0-1: Ball
1-1: Ball
2-1: Ball
3-1: Base on Balls
Batting: RHB Deron Rolen 0-0: 2-RUN HOME RUN (Flyball, 7LD), Distance : 361 ft
Pitching: LHP Gil LaSalle
Batting: RHB Tom Proctor 0-0: Foul Ball, location: 2F
0-1: Swinging Strike
0-2: Strikes out swinging
Batting: RHB Scott Wells 0-0: Called Strike
0-1: Ball
1-1: Foul Ball, location: 2F
1-2: Strikes out swinging
Batting: RHB Gerald Hayes 0-0: Foul Ball, location: 2F
0-1: Foul Ball, location: 2F
0-2: Ball
1-2: DOUBLE (Line Drive, 78M)
Batting: SHB Powell Phillips 0-0: Ball
1-0: Called Strike
1-1: Ball
2-1: DOUBLE (Line Drive, 7LD)
Gerald Hayes scores
Batting: RHB Ira Martin 0-0: Called Strike
0-1: Ball
1-1: Ball
2-1: Ball
3-1: Base on Balls
Batting: RHB Dominic Veillette 0-0: Ball
1-0: Foul Ball, location: 2F
1-1: Foul Ball, location: 2F
1-2: Strikes out swinging
Top of the 7th over - 3 runs, 3 hits, 0 errors, 2 left on base; Evans HS 7 - Jeffersonville-Youngsville Central HS 2
BOTTOM OF THE 7TH
Jeffersonville-Youngsville Central HS Trojans batting - Pitching for Evans HS Knights : RHP Arnold Padilla
Batting: LHB Steve Parker 0-0: Called Strike
0-1: Ball
1-1: Swinging Strike
1-2: DOUBLE (Flyball, 8RD)
Pitching: RHP Cameron Gorringe
Batting: RHB Vicente Ortíz 0-0: Ball
1-0: Ball
2-0: Ball
3-0: Called Strike
3-1: Foul Ball, location: 2F
3-2: Base on Balls
Batting: LHB Ed Williams 0-0: Called Strike
0-1: Ball
1-1: Ball
2-1: Swinging Strike
2-2: Ball
3-2: Fly out, F7 (Flyball, 7LM)
Batting: RHB Ben Bradley 0-0: Swinging Strike
0-1: SINGLE (Groundball, 56D)
Steve Parker to third
Vicente Ortíz to second
Runner from 3rd tries for Home, SAFE, no throw
Batting: RHB Robbie Harris 0-0: Ball
1-0: Foul Ball, location: 2F
1-1: Foul Ball, location: 2F
1-2: Strikes out swinging
Batting: RHB Duane Bradley 0-0: Called Strike
0-1: Swinging Strike
0-2: Ball
1-2: Strikes out swinging
Bottom of the 7th over - 1 run, 2 hits, 0 errors, 2 left on base; Evans HS 7 - Jeffersonville-Youngsville Central HS 3
TOP OF THE 8TH
Evans HS Knights batting - Pitching for Jeffersonville-Youngsville Central HS Trojans : LHP Gil LaSalle
Batting: SHB Lucas Bentley 0-0: Fly out, F2 (Popup, 23F)
Batting: RHB James Bennett 0-0: Called Strike
0-1: Swinging Strike
0-2: Strikes out looking
Batting: RHB Deron Rolen 0-0: Ball
1-0: Ball
2-0: Called Strike
2-1: SINGLE (Line Drive, 78S)
Batting: RHB Tom Proctor 0-0: Ball
1-0: Ball
2-0: Ball
3-0: Base on Balls
Deron Rolen to second
Batting: RHB Scott Wells 0-0: Called Strike
0-1: Ball
1-1: Hit by Pitch
Deron Rolen to third
Tom Proctor to second
Batting: RHB Gerald Hayes 0-0: Ball
1-0: Ball
2-0: SINGLE (Line Drive, 89S)
Deron Rolen scores
Tom Proctor to third
Scott Wells to second
Batting: SHB Powell Phillips 0-0: Called Strike
0-1: Ball
1-1: Foul Ball, location: 2F
1-2: Foul Ball, location: 2F
1-2: Ball
2-2: Ball
Wild Pitch!
Tom Proctor scores
Scott Wells to third
Gerald Hayes to second
3-2: Strikes out swinging
Top of the 8th over - 2 runs, 2 hits, 0 errors, 2 left on base; Evans HS 9 - Jeffersonville-Youngsville Central HS 3
BOTTOM OF THE 8TH
Jeffersonville-Youngsville Central HS Trojans batting - Pitching for Evans HS Knights : RHP Cameron Gorringe
Batting: RHB José Rocha 0-0: Foul Ball, location: 2F
0-1: Foul Ball, location: 2F
0-2: Foul Ball, location: 2F
0-2: Ball
1-2: Foul Ball, location: 2F
1-2: Ball
2-2: Foul Ball, location: 2F
2-2: SINGLE (Line Drive, 89M)
Batting: LHB Tomás Mata 0-0: Ball
1-0: Ball
2-0: Ball
3-0: Base on Balls
José Rocha to second
Batting: LHB Tony Chávez 0-0: Foul Ball, location: 2F
0-1: Swinging Strike
0-2: Ball
1-2: Fielders Choice at 2nd, 1-6 (Groundball, P)
José Rocha to third
Pitching: RHP Jack Cook
Batting: LHB Steve Parker 0-0: Ball
1-0: Ball
2-0: Ball
3-0: Called Strike
3-1: Foul Ball, location: 2F
3-2: Ground out 5-3 (Groundball, 56S)
José Rocha scores
Tony Chávez to second
Batting: RHB Vicente Ortíz 0-0: Ball
1-0: Called Strike
1-1: Ball
2-1: Ball
3-1: Ground out 4-3 (Groundball, 4)
Bottom of the 8th over - 1 run, 1 hit, 0 errors, 1 left on base; Evans HS 9 - Jeffersonville-Youngsville Central HS 4
TOP OF THE 9TH
Evans HS Knights batting - Pitching for Jeffersonville-Youngsville Central HS Trojans : LHP Gil LaSalle
Batting: RHB Ira Martin 0-0: Ball
1-0: Ball
2-0: Foul Ball, location: 2F
2-1: Foul Ball, location: 2F
2-2: Foul Ball, location: 2F
2-2: Strikes out looking
Batting: RHB Dominic Veillette 0-0: Called Strike
0-1: Ball
1-1: SINGLE (Groundball, 56D)
Pitching: RHP Harry Rodgers
Batting: SHB Lucas Bentley 0-0: Ball
1-0: Ground out U3 (Groundball, 23)
Dominic Veillette to second
Batting: RHB James Bennett 0-0: Ball
1-0: Ball
2-0: Foul Ball, location: 2F
2-1: Ball
3-1: Base on Balls
Batting: RHB Deron Rolen 0-0: Ball
1-0: Foul Ball, location: 2F
1-1: Foul Ball, location: 2F
1-2: Ball
2-2: Strikes out looking
Top of the 9th over - 0 runs, 1 hit, 0 errors, 2 left on base; Evans HS 9 - Jeffersonville-Youngsville Central HS 4
BOTTOM OF THE 9TH
Jeffersonville-Youngsville Central HS Trojans batting - Pitching for Evans HS Knights : RHP Jack Cook
Batting: LHB Ed Williams 0-0: Foul Ball, location: 2F
0-1: Fly out, F4 (Line Drive, 34)
Batting: RHB Ben Bradley 0-0: Ball
1-0: Ball
2-0: Fly out, F8 (Line Drive, 78D)
Batting: RHB Robbie Harris 0-0: Ball
1-0: Swinging Strike
1-1: Ground out 4-3 (Groundball, 4S)
Bottom of the 9th over - 0 runs, 0 hits, 0 errors, 0 left on base; Evans HS 9 - Jeffersonville-Youngsville Central HS 4
Saturday, December 16th, 2017 - OOTP Baseball 18.8 Build 76